 Dungeon Crawl Stone Soup version 0.24.0-13-gcf9b3192b9 (webtiles) character file.

Game seed: 4499705190050241766, levelgen mode: deterministic

694 Metae the Caller (level 7, -1/54 HPs)
             Began as a Merfolk Summoner on Nov 10, 2019.
             Slain by a killer bee (7 damage)
             ... on level 7 of the Dungeon.
             The game lasted 00:48:11 (7744 turns).

Metae the Caller (Merfolk Summoner)                 Turns: 7744, Time: 00:48:11

Health: -1/54      AC:  5    Str: 12      XL:     7   Next: 64%
Magic:  11/14      EV:  9    Int: 16      God:
Gold:   341        SH: 10    Dex: 10 (14) Spells: 5/15 levels left

rFire    x . .     SeeInvis .   m - +0 flail (protect)
rCold    + . .     Gourm    .   x - +2 shield of the Garden {*Drain +Inv rPois Str+3}
rNeg     . . .     Faith    .   s - +2 leather armour
rPois    +         Spirit   .   (no helmet)
rElec    .         Reflect  +   (no cloak)
rCorr    .         Harm     .   (no gloves)
MR       .....                  (no boots)
Stlth    ++........             h - +2 amulet of reflection
HPRegen  0.18/turn              g - ring of ice
MPRegen  0.14/turn              j - +2 ring of slaying

@: very slightly contaminated
A: change form in water, swift swim, stealthy swim
a: Evoke Invisibility


You were on level 7 of the Dungeon.
You were not hungry.

You visited 1 branch of the dungeon, and saw 8 of its levels.

You collected 341 gold pieces.

Inventory:

Hand Weapons
 a - a +4 dagger
 b - a +0 hunting sling
 m - a +0 flail of protection (weapon)
 v - a +2 dagger of speed
Missiles
 y - 46 stones (quivered)
Armour
 s - a +2 leather armour (worn)
 u - a +0 robe
 x - the +2 shield of the Garden (worn) {*Drain +Inv rPois Str+3}
   (You found it on level 5 of the Dungeon)

   It affects your strength (+3).
   It protects you from poison.
   It lets you turn invisible.
   It causes draining when unequipped.
Jewellery
 g - a ring of ice (left hand)
 h - a +2 amulet of reflection (around neck)
 j - a +2 ring of slaying (right hand)
Wands
 z - a wand of flame (20)
 B - a wand of disintegration (17)
 C - a wand of paralysis (8)
Scrolls
 e - a scroll of remove curse
 f - 3 scrolls of identify
 l - 2 scrolls of random uselessness
 o - 2 scrolls of magic mapping
 q - 2 scrolls of enchant armour
 w - 4 scrolls of immolation
Potions
 i - a potion of cancellation
 n - a potion of degeneration
 p - a potion of might
 r - a potion of haste
 A - 2 potions of heal wounds
Comestibles
 c - 7 rations


   Skills:
 - Level 4.1 Fighting
 - Level 2.6 Dodging
 - Level 2.1 Stealth
 + Level 4.7 Spellcasting
 + Level 6.1 Summonings
 + Level 2.1 Ice Magic


You had 5 spell levels left.
You knew the following spells:

 Your Spells              Type           Power        Failure   Level  Hunger
a - Summon Small Mammal   Summ           ###.         11%         1    None
b - Call Imp              Summ           ###.....     17%         2    ##.....
c - Call Canine Familiar  Summ           ###.....     32%         3    ###....
d - Summon Ice Beast      Ice/Summ       ####....     94%         4    ####...

Your spell library contained the following spells:

 Spells                   Type           Power        Failure   Level  Hunger
 Summon Guardian Golem    Hex/Summ       ##......     75%         3    ###....
 Summon Lightning Spire   Summ/Air       ##......     98%         4    ####...


Dungeon Overview and Level Annotations

Branches:
Dungeon (8/15)
 Temple: D:4-7         Lair: D:8-11

Altars:
Dithmenos
Okawaru


Message History

You block the killer bee's attack.
There is an escape hatch in the ceiling here.
You can't go down here!
The killer bee buzzes angrily.
The killer bee closely misses you. The killer bee stings you.
* * * LOW HITPOINT WARNING * * *
A mysterious force pulls you upwards. The hatch slams shut behind you.
Found a hand axe.
Casting: Call Canine Familiar (safe; 32% risk of failure)
Confirm with . or Enter, or press ? or * to list all spells.
The killer bee stings you!
* * * LOW HITPOINT WARNING * * *
You block the killer bee's attack. You block the killer bee's attack.
Your hound closely misses the killer bee.
The killer bee closely misses you.
Your hound closely misses the killer bee.
Found a stone staircase leading up.
The killer bee stings you!
You die...

.............
#............
#............
#............
#........)... .
#............
.<..##....h.......
.......@y.........
....###......##...
. #..###### #.##
#. #. #. #.


You could see a killer bee and a friendly hound.

Vanquished Creatures
  Grinder (D:5)
  An orc priest (D:5)
  2 orc wizards
  Jessica (D:3)
  An iguana (D:5)
  A worker ant (D:5)
  An adder (D:2)
  An orc (D:6)
  3 giant cockroaches
  A goblin (D:1)
  A ball python (D:3)
  3 bats
  A frilled lizard (D:1)
  A kobold (D:1)
  A quokka zombie (D:5)
20 creatures vanquished.

Vanquished Creatures (collateral kills)
  Sigmund (D:5)
  A sky beast (D:5)
  A centaur (D:4)
  2 bullfrogs
  2 howler monkeys
  An orc priest (D:3)
  An orc wizard (D:5)
  2 worker ants
  A worker ant zombie (D:5)
  5 adders
  2 oozes
  An adder zombie (D:5)
  2 worms
  5 leopard geckos
  13 orcs
  A bat (D:1)
  A giant cockroach (D:1)
  4 goblins
  3 hobgoblins (D:1)
  4 jackals
  4 kobolds
  A quokka (D:3)
  A ball python (D:1)
  4 frilled lizards (D:2)
  6 rats
69 creatures vanquished.

Grand Total: 89 creatures vanquished

Notes
Turn   | Place    | Note
-------+----------+-------------------------------------------
     0 | D:1      | Metae the Merfolk Summoner began the quest for the Orb.
     0 | D:1      | Reached XP level 1. HP: 13/13 MP: 3/3
   695 | D:1      | Reached XP level 2. HP: 20/20 MP: 5/5
   700 | D:1      | Learned a level 2 spell: Call Imp
  1878 | D:2      | You fall into a shaft and drop 2 floors!
  2001 | D:3      | Noticed Jessica
  2098 | D:3      | Reached skill level 1 in Fighting
  2137 | D:3      | Reached XP level 3. HP: 25/26 MP: 1/6
  2592 | D:2      | Learned a level 3 spell: Call Canine Familiar
  2599 | D:2      | Reached XP level 4. HP: 33/33 MP: 3/8
  3019 | D:2      | You fall into a shaft and drop 2 floors!
  3191 | D:3      | Killed Jessica
  3448 | D:2      | Found a shadowy altar of Dithmenos.
  4506 | D:4      | Found an iron altar of Okawaru.
  4600 | D:4      | Noticed a bullfrog
  4632 | D:4      | Killed a bullfrog
  4632 | D:4      | Reached XP level 5. HP: 11/39 MP: 3/9
  5486 | D:5      | Entered Level 5 of the Dungeon
  5560 | D:5      | Noticed a sky beast
  5570 | D:5      | Killed a sky beast
  5570 | D:5      | Reached skill level 5 in Summonings
  5579 | D:5      | Noticed Sigmund
  5591 | D:5      | Killed Sigmund
  5591 | D:5      | Reached XP level 6. HP: 42/47 MP: 5/11
  6090 | D:5      | Noticed Grinder
  6133 | D:5      | Killed Grinder
  6133 | D:5      | Reached XP level 7. HP: 31/54 MP: 5/13
  6325 | D:5      | Learned a level 4 spell: Summon Ice Beast
  6444 | D:5      | Got a translucent shield
  6450 | D:5      | Identified the +2 shield of the Garden {*Drain +Inv rPois
                  | Str+3} (You found it on level 5 of the Dungeon)
  6659 | D:5      | Reached skill level 1 in Ice Magic
  6718 | D:5      | Reached skill level 6 in Summonings
  7660 | D:6      | You fall into a shaft and drop 2 floors!
  7744 | D:7      | Slain by a killer bee

Levels and vault maps discovered:
D:1:      dpeg_arrival_arbitrary_c, layout_basic, patterned_corridor
D:2:      layout_basic, first_ration, minmay_crystal_water,
          grunt_dithmenos_smoke
D:3:      layout_basic, uniq_jessica
D:4:      layout_loops_corners, lemuel_crystal_altar
D:5:      layout_loops_cross, uniq_sigmund, uniq_grinder
D:6:      layout_basic, minmay_temple_entry_offerings, basic_altar
D:7:      layout_rooms
D:8:      layout_loops_cross, grunt_lair_entry_orc_guard_hut, serial_shops,
          nicolae_shop_crystal

Skill      XL: |  1  2  3  4  5  6  7 |
---------------+----------------------+-----
Fighting       | 1 2 3 4 |  4.1
Spellcasting   | 3 4 |  4.7
Summonings     | 5 6 |  6.1
Ice Magic      | 2 |  2.1
Dodging        | |  2.6
Stealth        | |  2.1

Action                   |  1- 3 |  4- 6 |  7- 9 || total
-------------------------+-------+-------+-------++-------
Melee: Dagger            |    34 |    29 |       ||    63
       Flail             |       |       |    47 ||    47
 Fire: Hunting sling     |       |     6 |       ||     6
 Cast: Summon Small Mamm |    27 |    14 |     3 ||    44
       Call Imp          |    16 |    20 |    13 ||    49
       Call Canine Famil |     1 |    21 |    10 ||    32
Evoke: Wand              |       |     1 |       ||     1
  Use: Scroll            |       |    14 |     2 ||    16
       Potion            |       |     3 |     1 ||     4
 Stab: Sleeping          |     1 |       |     1 ||     2
       Distracted        |       |       |     1 ||     1
  Eat: Chunk             |     3 |     6 |     3 ||    12
       Ration            |     1 |     3 |     1 ||     5
Armor: Robe              |    10 |     4 |       ||    14
       Leather armour    |       |    10 |    48 ||    58
Dodge: Dodged            |    41 |    33 |    47 ||   121
Block: Other             |       |     1 |       ||     1
       Shield            |       |       |    81 ||    81
       Reflection        |       |       |     3 ||     3
